 Dungeon Crawl Stone Soup version 0.26-a0-1033-gd598b01645 (webtiles) character file.

Game seed: 6944081878836427074

92 Baldric the Slasher (level 4, -1/36 HPs)
             Began as a Human Berserker on Dec 10, 2020.
             Was a Believer of Trog.
             Slain by an ooze (2 damage)
             ... on level 3 of the Dungeon.
             The game lasted 00:05:35 (674 turns).

Baldric the Slasher (Human Berserker)                Turns: 674, Time: 00:05:36

Health: -1/36      AC: 12    Str: 17    XL:     4   Next: 90%
Magic:  4/4        EV:  6    Int:  8    God:    Trog [**....]
Gold:   67         SH:  0    Dex: 13    Spells: 3/3 levels left

rFire    . . .     SeeInvis .   a - +0 falchion
rCold    . . .     Faith    .   (no shield)
rNeg     . . .     Spirit   .   m - +0 plate armour
rPois    .         Reflect  .   (no helmet)
rElec    .         Harm     .   e - +0 cloak
rCorr    .         Rampage  .   (no gloves)
Will     .....                  (no boots)
Stlth    ..........             (no amulet)
HPRegen  0.12/turn              (no ring)
MPRegen  0.09/turn              (no ring)

@: lethally poisoned (-1 -> -4)
A: no striking features
a: Berserk, Trog's Hand, Renounce Religion


You were on level 3 of the Dungeon.
You worshipped Trog.
Trog was pleased with you.
You visited 1 branch of the dungeon, and saw 3 of its levels.

You collected 67 gold pieces.

Inventory:

Hand Weapons
 a - a +0 falchion (weapon)
Armour
 b - a +0 animal skin
 d - a +0 robe
 e - a +0 cloak (worn)
 h - a +0 chain mail
 l - a +0 ring mail
 m - a +0 plate armour (worn)
Jewellery
 n - an uncursed ring of protection from fire
Scrolls
 c - a scroll of identify {unknown}
 f - a scroll of teleportation {unknown}
 g - a scroll of remove curse {unknown}
 i - a scroll of fog {unknown}
 o - a scroll of noise {unknown}
Potions
 j - a potion of haste
 k - a potion of flight {unknown}


   Skills:
 + Level 3.6 Fighting
 + Level 4.0 Long Blades
 + Level 2.7 Armour
 + Level 2.5 Dodging


You had 3 spell levels left.
You didn't know any spells.
Your spell library was empty.

Dungeon Overview and Level Annotations

Branches:
Dungeon (3/15)

Altars:


Message History

The adder poisons you! The ooze hits you but does no damage.
The kobold barely misses you.
You riposte.
You hit the kobold but do no damage.
A leopard gecko comes into view.
The adder bites you.
* * * LOW HITPOINT WARNING * * *
You miss the adder.
The adder is severely wounded.
* * * LOW HITPOINT WARNING * * *
You feel sick. The ooze hits you but does no damage.
The adder bites you but does no damage. The kobold hits you.
* * * LOW HITPOINT WARNING * * *
You hit the adder.
You kill the adder!
Trog accepts your kill. The ooze hits you but does no damage.
The kobold hits you but does no damage. The ooze barely misses you.
You riposte.
You hit the ooze.
The ooze is moderately wounded.
* * * LOW HITPOINT WARNING * * *
You feel sick. The ooze hits you.
You die...

#### #..#
#.)# #
#.#+#..#.#
#...@K<..#
#...J....#
#........#
#........#
#.#+##+#.#
... .l.
..# .#..
#. .#..


You could see an ooze, a leopard gecko and a kobold.

Vanquished Creatures
  Jessica (D:2)
  3 adders
  A worm (D:2)
  A leopard gecko (D:1)
  3 giant cockroaches (D:1)
  10 goblins
  3 hobgoblins
  3 jackals (D:2)
  4 bats
  2 frilled lizards (D:1)
  6 rats
37 creatures vanquished.

Vanquished Creatures (others)
  A plant (D:1)
1 creature vanquished.

Grand Total: 38 creatures vanquished

Notes
Turn   | Place    | Note
-------+----------+-------------------------------------------
     0 | D:1      | Baldric the Human Berserker began the quest for the Orb.
     0 | D:1      | Reached XP level 1. HP: 18/18 MP: 1/1
   107 | D:1      | Reached XP level 2. HP: 15/24 MP: 2/2
   415 | D:2      | Reached XP level 3. HP: 6/29 MP: 3/3
   444 | D:2      | Reached ** piety under Trog
   601 | D:2      | Noticed Jessica
   609 | D:2      | Killed Jessica
   610 | D:2      | Reached skill level 4 in Long Blades
   610 | D:2      | Reached XP level 4. HP: 23/35 MP: 4/4
   674 | D:3      | HP: 1/36 [poisoned by an adder]
   674 | D:3      | Slain by an ooze

Illustrated notes

Levels and vault maps discovered:
D:1:      lightli_arrival_statuegarden, layout_basic
D:2:      layout_rooms, uniq_jessica, uniq_crazy_yiuf_cottage
D:3:      layout_basic, uniq_robin

Skill      XL: |  1  2  3 |
---------------+----------+-----
Long Blades    | 4 |  4.0
Fighting       | |  3.6
Armour         | |  2.7
Dodging        | |  2.5

Action                   |  1- 3 |  4- 6 || total
-------------------------+-------+-------++-------
Melee: Falchion          |    90 |    33 ||   123
  Use: Potion            |     2 |       ||     2
Armor: Robe              |    13 |       ||    13
       Chain mail        |    53 |       ||    53
       Plate armour      |    11 |    40 ||    51
Dodge: Dodged            |    58 |    17 ||    75
       Rpst.: Falchion   |    22 |     6 ||    28

Table legend: (Time is in decaauts)
 A = Elapsed time spent in this place.
 B = Non-inter-level travel time spent in this place.
 C = Inter-level travel time spent in this place.
 D = Time resting spent in this place.
 E = Time spent auto-exploring this place.
 F = Levels seen in this place.
 G = Mean time per level.
                   A        B        C        D        E       F      G
               +--------+--------+--------+--------+--------+-----+--------+
         Total |    669 |    662 |      7 |      0 |      0 |   3 |  223.0 |
       Dungeon |    669 |    662 |      7 |      0 |      0 |   3 |  223.0 |
               +--------+--------+--------+--------+--------+-----+--------+

Top non-repeatable levels by time:
     D:2: 328 daAuts
     D:1: 322 daAuts
     D:3: 19 daAuts
